 Dungeon Crawl Stone Soup version 0.21-a0-39-g28ea6b7 (webtiles) character file.

28 roguesci the Chiller (level 3, 0/42 HPs)
             Began as a Draconian Ice Elementalist on June 2, 2017.
             Slain by a gnoll
             ... wielding a +0 halberd
              (5 damage)
             ... on level 1 of the Dungeon.
             The game lasted 00:07:26 (1490 turns).

roguesci the Chiller (Draconian Ice Elementalist)   Turns: 1490, Time: 00:07:26

Health: 0/42       AC: 21    Str: 10    XL:     3   Next: 0%
Magic:  1/6        EV:  2    Int: 16    God:
Gold:   79         SH:  0    Dex: 11    Spells: 2/6 levels left

rFire    . . .     SeeInvis .   c - +1 hand axe (venom)
rCold    . . .     Gourm    .   (no shield)
rNeg     + + +     Faith    .   (armour unavailable)
rPois    +         Spirit   .   (helmet currently unavailable)
rElec    .         Reflect  .   (cloak currently unavailable)
rCorr    .         Harm     .   (gloves currently unavailable)
MR       .....     NoTele   +   (boots currently unavailable)
Stlth    ++........             (no amulet)
Regen    0.2/turn               (no ring)
MPRegen  0.1/turn               (no ring)

@: tree-form, very slightly contaminated
A: unfitting armour, AC +5
a: no special abilities


You were on level 1 of the Dungeon.
You were very hungry.
You were a tree.
You visited 1 branch of the dungeon, and saw 2 of its levels.

You collected 79 gold pieces.

Inventory:

Hand Weapons
 c - a +1 hand axe of venom (weapon)
Jewellery
 h - an uncursed ring of protection from cold {unknown}
Scrolls
 e - 2 scrolls of amnesia {unknown}
 f - a scroll of enchant weapon {unknown}
 g - a scroll of recharging {unknown}
 n - a scroll of identify {unknown}
Potions
 d - a potion of brilliance {unknown}
 i - a potion of lignification
 j - a potion of cancellation {unknown}
 k - a potion of curing {unknown}
 l - a potion of agility {unknown}
Books
 a - a book of Frost

   Spells                             Type                      Level
   a - Freeze                         Ice                          1
   b - Throw Frost                    Conjuration/Ice              2
   c - Ozocubu's Armour               Charms/Ice                   3
   d - Throw Icicle                   Conjuration/Ice              4
   e - Summon Ice Beast               Ice/Summoning                4
Comestibles
 b - a bread ration
 m - a meat ration


   Skills:
 * Level 1.5 Fighting
 + Level 2.0 Dodging
 + Level 1.9 Stealth
 * Level 2.3 Spellcasting
   Level 1.0 Conjurations
 + Level 3.2 Ice Magic


You had 2 spell levels left.
You knew the following spells:

 Your Spells              Type           Power        Failure   Level  Hunger
a - Freeze                Ice            ##..         5%          1    #......
b - Ozocubu's Armour      Chrm/Ice       #.......     30%         3    ###....


Dungeon Overview and Level Annotations

Branches:
Dungeon (2/15)

Altars:


Innate Abilities, Weirdness & Mutations

((Your plain brown scales are hard. (AC +5)))
You cannot fit into any form of body armour.
((You are cold-blooded and may be slowed by cold attacks.))


Message History

Unknown command.
You hit the gnoll but do no damage. The gnoll closely misses you.
You closely miss the gnoll. The gnoll hits you with a halberd.
You barely miss the gnoll. The gnoll hits you with a halberd.
The gnoll hits you from afar with a halberd.
* * * LOW HITPOINT WARNING * * *
It was a potion of lignification.
You turn into a tree.
Your roots penetrate the ground.
The gnoll hits you but does no damage.
You cannot move.
The gnoll hits you but does no damage. The gnoll hits you but does no damage.
The gnoll hits you but does no damage. The gnoll hits you but does no damage.
The gnoll completely misses you.
The gnoll hits you from afar with a halberd.
* * * LOW HITPOINT WARNING * * *
The gnoll hits you but does no damage. The gnoll hits you but does no damage.
The gnoll hits you from afar with a halberd.
You die...

....####....##........#
....'..+....##........#
....##.#....###.......#
....##.#....# #...#####
....##.##'### #...# ....#.....#
#...# ....####### ##.g#
....#############>###############
....'...........♣................
....#############################
...........# #..........#
#.########## #)# #.# #.# ### #.#
#.#


You could see a gnoll.

Vanquished Creatures
  An ooze (D:1)
  A dart slug (D:1)
  A leopard gecko (D:1)
  A ball python (D:1)
  A giant cockroach (D:1)
  5 goblins (D:1)
  A hobgoblin (D:1)
  4 bats (D:1)
  5 kobolds (D:1)
  A rat (D:1)
21 creatures vanquished.

Notes
Turn   | Place    | Note
-------+----------+-------------------------------------------
     0 | D:1      | roguesci the Draconian Ice Elementalist began the quest for the Orb.
     0 | D:1      | Reached XP level 1. HP: 14/14 MP: 3/3
   507 | D:1      | Reached skill level 1 in Fighting
   507 | D:1      | Reached XP level 2. HP: 16/23 MP: 5/5
  1359 | D:1      | Reached XP level 3. HP: 28/28 MP: 6/6
  1364 | D:1      | Learned a level 3 spell: Ozocubu's Armour
  1490 | D:1      | Slain by a gnoll

Vault maps used:
D:1:      ncdulo_wetmaze
D:2:      nicolae_overflow_hidden_temple, minivault_19, uniq_terence,
          uniq_natasha

Skill      XL: |  1  2 |
---------------+-------+-----
Fighting       | 1 |  1.5
Dodging        | 2 |  2.0
Stealth        | |  1.9
Spellcasting   | |  2.3
Conjurations   | |  1.0
Ice Magic      | |  3.2

Action                   || total
-------------------------++-------
Melee: Hand axe          ||    62
       Tailslap          ||     6
 Cast: Ozocubu's Armour  ||     1
  Use: Potion            ||     1
 Stab: Sleeping          ||     2
  Eat: Chunk             ||     1
Armor: Skin              ||    33
Dodge: Dodged            ||    36
